 Dungeon Crawl Stone Soup version 0.30-a0-57-g8b159a9891 (webtiles) character file.

Game seed: 18160203855289102742

105 Decritt the Trooper (level 4, 0/30 HPs)
             Began as a Gargoyle Fighter on Sept 11, 2022.
             Killed from afar by a white imp (12 damage)
             ... with a puff of frost
             ... on level 6 of the Dungeon.
             The game lasted 00:03:39 (1999 turns).

Decritt the Trooper (Gargoyle Fighter)              Turns: 1999, Time: 00:03:39

Health: 0/30       AC: 11    Str: 22    XL:     4   Next: 81%
Magic:  4/4        EV:  9    Int:  8    God:
Gold:   73         SH:  4    Dex:  9    Spells: 3/3 levels left

rFire   . . .      SeeInvis .    l - +0 mace
rCold   . . .      Faith    .    c - +0 buckler
rNeg    + . .      Spirit   .    b - +0 scale mail
rPois   ∞          Reflect  .    (no helmet)
rElec   +          Harm     .    o - +0 cloak
rCorr   .          Rampage  .    (no gloves)
Will    .....                    (no boots)
Stlth   ..........               i - amulet of the acrobat
HPRegen 0.10/turn                (no ring)
MPRegen 0.09/turn                (no ring)

@: no status effects
A: sickness immunity, AC +3, negative energy resistance 1, electricity
resistance, torment resistance 1, petrification resistance
a: no special abilities


You were on level 6 of the Dungeon.
You visited 1 branch of the dungeon, and saw 5 of its levels.

You collected 73 gold pieces.

Inventory:

Hand Weapons
 a - a +0 flail
 l - a +0 mace (weapon)
Missiles
 e - 2 poisoned darts (quivered)
Armour
 b - a +0 scale mail (worn)
 c - a +0 buckler (worn)
 o - a +0 cloak (worn)
Jewellery
 i - an amulet of the acrobat (around neck)
 m - a +6 ring of intelligence
 n - a ring of magical power
Potions
 d - a potion of might
 f - 2 potions of curing {unknown}
 h - a potion of berserk rage {unknown}
 j - 3 potions of lignification


   Skills:
 * Level 4.7 Fighting
 + Level 2.9 Maces & Flails
 + Level 4.1 Armour
 - Level 3.2 Shields


You had 3 spell levels left.
You didn't know any spells.
Your spell library contained the following spells:

 Spells                   Type           Power      Damage    Failure   Level
 Sandblast                Erth           0%         2d4       82%         1
 Passwall                 Tmut/Erth      0%         N/A       91%         2
 Ozocubu's Armour         Ice            0%         N/A       99%         3
 Stone Arrow              Conj/Erth      0%         3d7       99%         3
 Hailstorm                Conj/Ice       0%         3d3       100%        4
 Ice Form                 Ice/Tmut       0%         N/A       100%        4
 Simulacrum               Ice/Necr       0%         N/A       100%        6
 Ozocubu's Refrigeration  Ice            0%         4d7       100%        7


Dungeon Overview and Level Annotations

Branches:
Dungeon (6/15)
 Temple: D:4-7

Altars:
Elyvilon


Innate Abilities, Weirdness & Mutations

You are immune to sickness and miasma.
Your stone body is resilient. (AC +3)
You are immune to poison.
You resist negative energy. (rN+)
You are resistant to electric shocks. (rElec)
You are resistant to unholy torment.
You are immune to petrification.


Message History

You thump the gnoll!
You kill the gnoll!
The gnoll hits you with a +0 whip.
You closely miss the gnoll. The gnoll hits you with a +0 whip!
A gnoll sergeant comes into view. It is wielding a +0 spear.
You hit the gnoll.
The gnoll is moderately wounded.
The gnoll barely misses you.
You hit the gnoll.
The gnoll is severely wounded.
You block the gnoll's attack. The gnoll sergeant barely misses you.
The gnoll hits you with a +0 whip!
* * * LOW HITPOINT WARNING * * *
You completely miss the gnoll.
The gnoll is severely wounded.
The gnoll sergeant hits you but does no damage.
The gnoll hits you with a +0 whip.
* * * LOW HITPOINT WARNING * * *
The gnoll completely misses you. The gnoll sergeant barely misses you.
You climb downwards.
The sentinel's mark upon you fades away.
There is a stone staircase leading up here.
You sock the gnoll!
You kill the gnoll!
You throw a poisoned dart. The poisoned dart hits the white imp.
You barely miss the white imp. The white imp misses you.
The white imp hits you but does no damage.
You hit the white imp.
The white imp is lightly wounded.
A wight comes into view.
It is wielding a +2 hand axe of electrocution.
The white imp gestures at you.
The puff of frost hits you but does no damage.
You hit the white imp but do no damage.
The white imp is lightly wounded.
The white imp hits you but does no damage.
You barely miss the white imp.
The white imp is lightly wounded.
The white imp gestures at you. The puff of frost hits you!
You die...

##....#.# #
#.......######.#
#..........#
#.......####
#.......#
#.......####
............###.###
#########.#.........
#.#.@###..#
#.#).5z..>..
#.#.###..... ..#..
...# .#### ... . ..
.


You could see a wight and a white imp.

Vanquished Creatures
  2 gnolls
  2 adders
  A worm (D:2)
  2 dart slugs (D:2)
  8 ball pythons
  6 bats
  3 endoplasms
  2 giant cockroaches
  2 goblins (D:1)
  3 hobgoblins
  6 kobolds
  10 quokkas
  3 frilled lizards (D:1)
  10 rats
60 creatures vanquished.

Notes
Turn   | Place    | Note
-------+----------+-------------------------------------------
     0 | D:1      | Decritt the Gargoyle Fighter began the quest for the Orb.
     0 | D:1      | Reached XP level 1. HP: 14/14 MP: 1/1
    36 | D:1      | Reached XP level 2. HP: 11/19 MP: 2/2
   552 | D:1      | Found a faded altar of an unknown god.
   576 | D:1      | Reached XP level 3. HP: 24/24 MP: 3/3
  1458 | D:2      | Reached XP level 4. HP: 27/29 MP: 4/4
  1957 | D:3      | You fall into a shaft and drop 3 floors!
  1974 | D:5      | Entered Level 5 of the Dungeon
  1978 | D:5      | Found a white marble altar of Elyvilon.
  1988 | D:5      | Noticed a gnoll sergeant
  1999 | D:6      | Killed from afar by a white imp

Illustrated notes

Levels and vault maps discovered:
D:1:      dpeg_arrival_ratfight, layout_loops_ring,
          hellmonk_ecumenical_altar_run_dry, minmay_box_of_dots
D:2:      layout_loops_ring
D:3:      layout_loops_cross, fedhas_altar_4, uniq_jessica
D:5:      layout_cave_pools, mainiacjoe_overflow_cross_hatched,
          minmay_temple_entry_gardened_gates, serial_gnoll_camp,
          gnoll_camp_huts_moat, gnoll_camp_mini_loothouse, gnoll_camp_medium_01,
          gnoll_camp_medium_02, gnoll_camp_mini_shop, gnoll_camp_mini_shop
D:6:      layout_basic, grunt_temple_overflow_open, nrook_mini_backslash

Skill      XL: |  1  2  3  4 |
---------------+-------------+-----
Fighting       | 4 |  4.7
Armour         | 4 |  4.1
Maces & Flails | |  2.9
Shields        | |  3.2

Action                   |  1- 3 |  4- 6 || total
-------------------------+-------+-------++-------
Melee: Flail             |   120 |     2 ||   122
       Mace              |       |    38 ||    38
Throw: Dart              |    41 |    12 ||    53
  Use: Scroll            |       |     3 ||     3
Armor: Scale mail        |    66 |    18 ||    84
Dodge: Dodged            |    54 |    26 ||    80
Block: Buckler           |    17 |     9 ||    26

Table legend: (Time is in decaauts)
 A = Elapsed time spent in this place.
 B = Non-inter-level travel time spent in this place.
 C = Inter-level travel time spent in this place.
 D = Time resting spent in this place.
 E = Time spent auto-exploring this place.
 F = Levels seen in this place.
 G = Mean time per level.
                   A        B        C        D        E       F      G
               +--------+--------+--------+--------+--------+-----+--------+
         Total |   2048 |   2019 |     29 |    202 |   1386 |   5 |  409.6 |
       Dungeon |   2048 |   2019 |     29 |    202 |   1386 |   5 |  409.6 |
               +--------+--------+--------+--------+--------+-----+--------+

Top non-repeatable levels by time:
     D:2: 1010 daAuts
     D:1: 962 daAuts
     D:3: 29 daAuts
     D:6: 24 daAuts
     D:5: 21 daAuts
